 Dungeon Crawl Stone Soup version 0.20.0-10-g0535bb4 (webtiles) character file.

2340 anfisbena the Arsonist (level 9, -3/45 HPs)
             Began as a Gargoyle Fire Elementalist on June 5, 2017.
             Was a Follower of Vehumet.
             Slain by an ogre
             ... wielding a +0 giant club
              (10 damage)
             ... on level 7 of the Dungeon.
             The game lasted 00:15:52 (10068 turns).

anfisbena the Arsonist (GrFE)                      Turns: 10068, Time: 00:15:52

Health: -3/45      AC: 12    Str: 12    XL:     9   Next: 43%
Magic:  2/15       EV: 12    Int: 19    God:    Vehumet [*.....]
Gold:   282        SH:  4    Dex: 12    Spells: 3/16 levels left

rFire    + . .     SeeInvis .   B - +0 quarterstaff
rCold    . . .     Gourm    .   (shield currently unavailable)
rNeg     + . .     Faith    .   E - +1 robe {MR+}
rPois    ∞         Spirit   .   p - +0 helmet
rElec    +         Reflect  +   (no cloak)
rCorr    .         Harm     .   n - +0 pair of gloves
MR       +....                  (no boots)
Stlth    ++........             m - +4 amulet of reflection
Regen    0.2/turn               (no ring)
MPRegen  0.2/turn               (no ring)

@: no status effects
A: thin skeletal structure 1, yellow scales 1, blurry vision 1, deterioration 1,
fire resistance 1, negative energy resistance 1, electricity resistance,
unbreathing, petrification resistance, rot immunity, AC +5
a: Renounce Religion


You were on level 7 of the Dungeon.
You worshipped Vehumet.
Vehumet was aware of your devotion.
You were not hungry.

You visited 2 branches of the dungeon, and saw 8 of its levels.

You collected 282 gold pieces.

Inventory:

Hand Weapons
 B - a +0 quarterstaff (weapon)
Armour
 n - a +0 pair of gloves (worn)
 p - a +0 helmet (worn)
 E - a +1 robe of magic resistance (worn)
Jewellery
 m - a +4 amulet of reflection (around neck)
Wands
 l - a wand of paralysis (10/24)
Scrolls
 f - 7 scrolls of identify {unknown}
 g - 2 scrolls of blinking {unknown}
 h - a scroll of random uselessness {unknown}
 k - 2 scrolls of enchant weapon {unknown}
 o - 2 scrolls of teleportation {unknown}
 r - 2 scrolls of enchant armour {unknown}
 t - 2 scrolls of remove curse {unknown}
 v - a scroll of magic mapping {unknown}
 y - a scroll of brand weapon {unknown}
 C - 2 scrolls of amnesia {unknown}
Potions
 a - a potion of berserk rage {unknown}
 d - 3 potions of mutation {unknown}
 e - a potion of lignification {unknown}
 i - 5 potions of heal wounds
 j - a potion of resistance {unknown}
 q - a potion of experience {unknown}
 w - 2 potions of curing {unknown}
 z - a potion of cancellation {unknown}
Books
 b - a book of Flames

   Spells                             Type                      Level
   a - Flame Tongue                   Conjuration/Fire             1
   b - Throw Flame                    Conjuration/Fire             2
   c - Conjure Flame                  Conjuration/Fire             3
   d - Inner Flame                    Hexes/Fire                   3
   e - Sticky Flame                   Conjuration/Fire             4
   f - Fireball                       Conjuration/Fire             5
Comestibles
 c - 5 bread rations
 u - 2 meat rations
 x - a royal jelly
 A - 2 fruits


   Skills:
 - Level 1.5 Dodging
 - Level 2.1 Stealth
 + Level 4.1 Spellcasting
 + Level 7.2 Conjurations
 + Level 10.1 Fire Magic


You had 3 spell levels left.
You knew the following spells:

 Your Spells              Type           Power        Failure   Level  Hunger
a - Flame Tongue          Conj/Fire      #####        1%          1    None
b - Sticky Flame          Conj/Fire      #####...     3%          4    ####...
c - Conjure Flame         Conj/Fire      #####...     1%          3    ###....
d - Inner Flame           Hex/Fire       ###.....     4%          3    ###....
e - Throw Flame           Conj/Fire      #####.       1%          2    ##.....


Dungeon Overview and Level Annotations

Branches:
Dungeon (7/15)             Temple (1/1) D:4

Altars:
Ashenzari
Cheibriados
Dithmenos
Elyvilon
Fedhas
Gozag
Hepliaklqana
Nemelex Xobeh
Okawaru
Qazlal
Ru
Sif Muna
Trog
Vehumet
Xom
Yredelemnul
The Shining One

Shops:
D:6 [


Innate Abilities, Weirdness & Mutations

You are resistant to torment.
Your stone body is resilient. (AC +5)
You are immune to poison.
You resist negative energy. (rN+)
You are resistant to electric shocks. (rElec)
You can survive without breathing.
You are immune to petrification.
You are immune to rotting.
You have a somewhat thin skeletal structure. (Dex +2, Stealth)
You are partially covered in yellow scales. (AC +2)
Scrolls take you a little longer to read.
Your body sometimes deteriorates upon taking damage.
Your flesh is heat resistant. (rF+)


Message History

The flame tongue hits the ogre.
The ogre is severely wounded.
The ogre barely misses you.
Casting: Flame Tongue
Confirm with . or Enter, or press ? or * to list all spells.
Aiming: Flame Tongue
Press: ? - help, Shift-Dir - straight line, f/p - ogre
Aim: an ogre, wielding a giant club (severely wounded)
The flame tongue hits the ogre.
The ogre is almost dead.
The ogre hits you but does no damage.
Casting: Flame Tongue
Confirm with . or Enter, or press ? or * to list all spells.
Aiming: Flame Tongue
Press: ? - help, Shift-Dir - straight line, f/p - ogre
Aim: an ogre, wielding a giant club (almost dead)
The flame tongue hits the ogre.
The ogre is almost dead.
The ogre hits you with a giant club!
You die...

.....
.....####+#
...Y.Y....#
.........#
#.#O)...##
..........#
##.######.#
######.#
#.)@O{.#
#.######
#.....#
#####(####
#.##.#
#....#
#)##.#
###....#
#...####


You could see an ogre.

Vanquished Creatures
  A wyvern (D:4)
  A water moccasin (D:3)
  2 ice beasts
  2 ogres
  3 sky beasts
  A centaur (D:5)
  A scorpion (D:5)
  3 wights (D:7)
  The ghost of salade2fruit the Vexing, a weakling DEAM (D:3)
  2 crimson imps
  A bullfrog zombie (D:5)
  4 hounds
  4 orc priests
  A jelly (D:6)
  9 orc wizards
  3 bullfrog skeletons
  Jessica (D:3)
  Terence (D:3)
  2 iguanas
  3 worker ants
  A hound skeleton (D:4)
  3 worker ant zombies (D:5)
  Robin (D:3)
  A howler monkey skeleton (D:4)
  9 adders
  A shadow imp (D:6)
  2 oozes
  An adder skeleton (D:4)
  2 worms
  4 leopard geckos
  25 orcs
  5 giant cockroaches
  11 goblins
  12 hobgoblins
  6 jackals
  3 quokkas
  A ball python (D:6)
  11 bats
  4 frilled lizards
  A jackal skeleton (D:5)
  6 kobolds
  A leopard gecko skeleton (D:4)
  2 quokka skeletons (D:5)
  8 rats
167 creatures vanquished.

Notes
Turn   | Place    | Note
-------+----------+-------------------------------------------
     0 | D:1      | anfisbena the Gargoyle Fire Elementalist began the quest for the Orb.
     0 | D:1      | Reached XP level 1. HP: 10/10 MP: 3/3
   280 | D:1      | Reached XP level 2. HP: 15/15 MP: 0/5
  1095 | D:2      | Reached XP level 3. HP: 11/19 MP: 0/6
  1238 | D:2      | Found a blossoming altar of Fedhas.
  1439 | D:2      | Found a snail-covered altar of Cheibriados.
  1440 | D:2      | Found a bloodstained altar of Trog.
  1561 | D:2      | Reached skill level 4 in Fire Magic
  1940 | D:2      | Reached XP level 4. HP: 14/24 MP: 0/7
  2757 | D:3      | Found a shattered altar of Ashenzari.
  2952 | D:3      | Noticed Robin
  3114 | D:3      | Killed Robin
  3864 | D:3      | Noticed salade2fruit's ghost (weakling DEAM)
  3871 | D:3      | Killed salade2fruit's ghost
  3871 | D:3      | Reached skill level 5 in Fire Magic
  3871 | D:3      | Reached XP level 5. HP: 21/28 MP: 2/8
  3966 | D:3      | Noticed Jessica
  3972 | D:3      | Killed Jessica
  4048 | D:3      | Noticed Terence
  4072 | D:3      | Noticed a water moccasin
  4130 | D:3      | Killed Terence
  4230 | D:3      | Killed a water moccasin
  4230 | D:3      | Reached skill level 6 in Fire Magic
  4230 | D:3      | Reached XP level 6. HP: 11/32 MP: 1/9
  4482 | D:3      | Found a deep blue altar of Sif Muna.
  5178 | D:4      | Reached XP level 7. HP: 35/36 MP: 1/10
  5444 | D:4      | Found a basalt altar of Yredelemnul.
  5545 | D:4      | Found a staircase to the Ecumenical Temple.
  5558 | Temple   | Entered the Ecumenical Temple
  5802 | Temple   | Became a worshipper of Vehumet
  6063 | D:4      | Noticed a wyvern
  6071 | D:4      | Killed a wyvern
  6071 | D:4      | Reached skill level 7 in Fire Magic
  6170 | D:4      | Found a hazy altar of Hepliaklqana.
  6530 | D:5      | Entered Level 5 of the Dungeon
  6650 | D:5      | Reached skill level 5 in Conjurations
  6764 | D:5      | Reached XP level 8. HP: 41/41 MP: 7/12
  7057 | D:5      | Reached skill level 8 in Fire Magic
  8174 | D:5      | Reached * piety under Vehumet
  8174 | D:5      | Offered knowledge of Sandblast by Vehumet.
  8498 | D:6      | Found a blossoming altar of Fedhas.
  8524 | D:6      | Reached skill level 9 in Fire Magic
  8528 | D:6      | Gained mutation: Your flesh is heat resistant. (rF+) [mutagenic meat]
  8529 | D:6      | Gained mutation: Your body sometimes deteriorates upon taking damage. [mutagenic meat]
  8531 | D:6      | Gained mutation: You are weak. (Str -2) [mutagenic meat]
  8644 | D:6      | Found a sparkling altar of Nemelex Xobeh.
  8864 | D:6      | Reached XP level 9. HP: 45/45 MP: 13/15
  9032 | D:6      | Found a stormy altar of Qazlal.
  9411 | D:6      | Gained mutation: Scrolls take you a little longer to read. [mutagenic meat]
  9412 | D:6      | Gained mutation: You have a somewhat thin skeletal structure. (Dex +2, Stealth) [mutagenic meat]
  9413 | D:6      | Gained mutation: You are partially covered in yellow scales. (AC +2) [mutagenic meat]
  9414 | D:6      | Lost mutation: You are weak. (Str -2) [mutagenic meat]
  9722 | D:6      | Found Koute's Armour Boutique.
  9984 | D:7      | Reached skill level 10 in Fire Magic
  9991 | D:7      | Learned a level 4 spell: Sticky Flame
  9995 | D:7      | Learned a level 3 spell: Conjure Flame
  9999 | D:7      | Learned a level 3 spell: Inner Flame
 10002 | D:7      | Learned a level 2 spell: Throw Flame
 10068 | D:7      | Slain by an ogre

Skill      XL: |  1  2  3  4  5  6  7  8  9 |
---------------+----------------------------+-----
Conjurations   | 2 3 4 5 6 7 |  7.2
Fire Magic     | 4 5 6 7 9 10 | 10.1
Spellcasting   | 3 4 |  4.1
Dodging        | |  1.5
Stealth        | |  2.1

Action                   |  1- 3 |  4- 6 |  7- 9 || total
-------------------------+-------+-------+-------++-------
Melee: Unarmed           |    25 |    57 |       ||    82
       Flail             |       |    12 |       ||    12
       Mace              |       |     2 |    66 ||    68
       Quarterstaff      |       |       |   119 ||   119
 Cast: Flame Tongue      |    67 |   121 |   231 ||   419
  Use: Potion            |       |       |     1 ||     1
 Stab: Sleeping          |     1 |       |     3 ||     4
  Eat: Chunk             |     4 |     8 |    25 ||    37
       Fruit             |       |     1 |     1 ||     2
       Royal jelly       |       |     1 |       ||     1
Armor: Robe              |    31 |    67 |   160 ||   258
Dodge: Dodged            |    60 |   107 |   193 ||   360
Block: Other             |       |       |    25 ||    25
